[Event "Titled Tuesday Blitz February 15 Late 2022"]
[White "Goryachkina, Aleksandra"]
[Black "Hess, Robert"]
[WhiteFideId "4147103"]
[BlackFideId "2022036"]
[WhiteElo "2426"]
[BlackElo "2557"]
[Result "0-1"]
[Round "11"]
[TimeControl "180+1"]
[Date "2022.02.15"]
[WhiteClock "0:00:01"]
[BlackClock "0:00:17"]

1. e4 g6 2. d4 Bg7 3. Nc3 a6 4. a4 d6 5. Be3 e6 6. Qd2 h6 7. Bd3 Nd7 8. h4 b6 9. Nge2 Bb7 10. h5 g5 11. f4 gxf4 12. Nxf4 Ngf6 13. O-O-O b5 14. Qe1 b4 15. Na2 Bxe4 16. Bxe4 Nxe4 17. Nxb4 Qb8 18. Nbd3 Qb7 19. Rh3 Rb8 20. Bg1 c5 21. Re3 d5 22. b3 cxd4 23. Rf3 Qc6 24. Ne2 e5 25. Nxe5 Bxe5 26. Nxd4 Qd6 0-1


[Site "https://www.chess.com"]

[Event "Titled Tuesday Blitz February 15 Late 2022"]
[White "Gracia Alvarez, Gerardo Antonio"]
[Black "Csonka, Balazs"]
[WhiteFideId "5109124"]
[BlackFideId "742910"]
[WhiteElo "2139"]
[BlackElo "2404"]
[Result "0-1"]
[Round "11"]
[TimeControl "180+1"]
[Date "2022.02.15"]
[WhiteClock "0:01:42"]
[BlackClock "0:00:52"]

1. e4 c5 2. Be2 Nc6 3. d3 g6 4. f4 Bg7 5. Nf3 d5 6. O-O e6 7. Qe1 Nge7 8. c3 O-O 9. Qh4 f5 10. e5 b5 11. Be3 d4 12. Bf2 Nd5 13. Qg3 Bh6 14. Ng5 Nxf4 15. Bf3 Bxg5 16. Bxc6 Ne2+ 0-1


[Site "https://www.chess.com"]

[Event "Titled Tuesday Blitz February 15 Late 2022"]
[White "Grigorov, Grigor"]
[Black "Hamley, Ryan"]
[WhiteFideId "2907313"]
[BlackFideId "30959497"]
[WhiteElo "2510"]
[BlackElo "2458"]
[Result "1-0"]
[Round "11"]
[TimeControl "180+1"]
[Date "2022.02.15"]
[WhiteClock "0:00:51"]
[BlackClock "0:00:30"]

1. d4 Nf6 2. Nf3 e6 3. Bf4 b6 4. e3 Bb7 5. h3 g6 6. Be2 Bg7 7. O-O O-O 8. c4 d6 9. Nc3 Nbd7 10. Bh2 Re8 11. Nd2 Qe7 12. Bf3 Bxf3 13. Qxf3 c5 14. Nb5 e5 15. Nc7 Rac8 16. Nxe8 Rxe8 17. dxe5 dxe5 18. Ne4 Qe6 19. b3 h6 20. Rad1 Kh7 21. Rd6 Qe7 22. Rfd1 Rc8 23. Bg3 Rc7 24. Bh4 g5 25. Qf5+ Kg8 26. Nxf6+ Nxf6 27. Bg3 Ne8 28. Rd7 Rxd7 29. Rxd7 Qf6 30. Qxf6 Bxf6 31. Rxa7 Nd6 32. Ra6 Ne4 33. Rxb6 Kg7 34. a4 h5 35. a5 Bd8 36. Bxe5+ f6 37. Rb7+ Kg6 38. Bc7 1-0


[Site "https://www.chess.com"]

[Event "Titled Tuesday Blitz February 15 Late 2022"]
[White "Grischuk, Alexander"]
[Black "Lugovskoy, Maxim"]
[WhiteFideId "4126025"]
[BlackFideId "24126454"]
[WhiteElo "2762"]
[BlackElo "2444"]
[Result "0-1"]
[Round "11"]
[TimeControl "180+1"]
[Date "2022.02.15"]
[WhiteClock "0:00:02"]
[BlackClock "0:00:10"]

1. e4 e6 2. d4 d5 3. e5 c5 4. c3 Qb6 5. Nf3 Nc6 6. Be2 Nh6 7. Bxh6 gxh6 8. Qd2 Rg8 9. O-O Bd7 10. Na3 cxd4 11. cxd4 O-O-O 12. Nc2 Kb8 13. Rab1 Ne7 14. b4 Bb5 15. Bxb5 Qxb5 16. Ne3 h5 17. Rfc1 Bh6 18. Rc5 Qd7 19. Qd3 Qa4 20. a3 Bxe3 21. Qxe3 Nf5 22. Qd3 h4 23. Rbc1 h3 24. g3 h5 25. Kf1 Rc8 26. Rxc8+ Rxc8 27. Rxc8+ Kxc8 28. Ke2 Kd7 29. Kd2 a5 30. Qc3 axb4 31. Qxb4 Qa6 32. a4 Qf1 33. Qb5+ Qxb5 34. axb5 Kc7 35. Kd3 Kb6 36. Ng5 Nh6 37. Nxh3 Kxb5 38. f3 Ka4 39. Nf4 b5 40. Nxh5 Nf5 41. Nf4 b4 42. Ne2 b3 43. g4 Nh4 44. f4 Ka3 45. Nc3 b2 46. Nb1+ Kb3 47. Nc3 Ng2 48. f5 Nf4+ 49. Kd2 Nh3 50. fxe6 fxe6 0-1


[Site "https://www.chess.com"]

[Event "Titled Tuesday Blitz February 15 Late 2022"]
[White "Gubajdullin, Alexei"]
[Black "Mogranzini, Roberto"]
[WhiteFideId "4141202"]
[BlackFideId "810894"]
[WhiteElo "2268"]
[BlackElo "2469"]
[Result "1-0"]
[Round "11"]
[TimeControl "180+1"]
[Date "2022.02.16"]
[WhiteClock "0:00:46"]
[BlackClock "0:00:19"]

1. d4 Nf6 2. Nf3 d6 3. Bf4 g6 4. h3 Bg7 5. e3 O-O 6. Be2 c5 7. O-O Nc6 8. c3 cxd4 9. exd4 Nd5 10. Bg5 h6 11. Bd2 e5 12. Na3 e4 13. Ne1 Qh4 14. Nec2 Nf4 15. Bxf4 Qxf4 16. Ne3 f5 17. Nac4 Qg5 18. f4 exf3 19. Bxf3 f4 20. Ng4 h5 21. Nf2 d5 22. Nd6 Be6 23. Re1 Bf7 24. Qb3 Rad8 25. Nxf7 Rxf7 26. Nd3 Qg3 27. Re6 Bxd4+ 28. Kh1 g5 29. Bxd5 Qxd3 30. Rxc6 Rxd5 31. Rc8+ Kg7 32. Qxd5 f3 33. Qxd4+ Qxd4 34. cxd4 f2 35. Rf1 g4 36. hxg4 hxg4 37. g3 1-0


[Site "https://www.chess.com"]

[Event "Titled Tuesday Blitz February 15 Late 2022"]
[White "Dronavalli, Harika"]
[Black "Goltseva, Ekaterina"]
[WhiteFideId "5015197"]
[BlackFideId "24173770"]
[WhiteElo "2382"]
[BlackElo "2140"]
[Result "1-0"]
[Round "11"]
[TimeControl "180+1"]
[Date "2022.02.15"]
[WhiteClock "0:00:47"]
[BlackClock "0:00:06"]

1. d4 Nf6 2. c4 e6 3. Nc3 Bb4 4. Nf3 O-O 5. Bd2 Bxc3 6. Bxc3 Ne4 7. Rc1 d6 8. e3 c5 9. Bd3 Nxc3 10. Rxc3 Nc6 11. O-O Qf6 12. Be4 Rd8 13. Bxc6 bxc6 14. dxc5 dxc5 15. Rd3 Ba6 16. b3 Rxd3 17. Qxd3 Rd8 18. Qe4 Bb7 19. h3 Qb2 20. Qb1 Qxb1 21. Rxb1 f6 22. Kf1 e5 23. Ke1 Bc8 24. Rd1 Rxd1+ 25. Kxd1 Kf7 26. e4 Ke6 27. Ne1 Kd6 28. Kd2 Be6 29. h4 h5 30. g3 g6 31. Kc3 Bg4 32. f3 Bh3 33. Kd3 Bf1+ 34. Ke3 Bh3 35. Ke2 Be6 36. Nd3 Bc8 37. Nf2 Be6 38. Kd2 f5 39. Kc3 Bc8 40. Kb2 Be6 41. Kc1 Bc8 42. Kd2 Be6 43. Ke3 Bf7 44. f4 Be6 45. Nd3 exf4+ 46. Nxf4 fxe4 47. Nxg6 Bg4 48. Kxe4 Bd1 49. Kd3 a5 50. Kc3 a4 51. bxa4 Bxa4 52. Nf4 Bd1 53. a3 Ke5 54. Nd3+ Kf5 55. Kd2 Bf3 56. Ke3 Bg4 57. Nxc5 Ke5 58. Nd3+ Kd6 59. Kd4 Bd1 60. c5+ Ke6 61. Nf2 Be2 62. a4 Kf5 63. a5 Bb5 64. Ke3 Ke5 65. g4 hxg4 66. Nxg4+ Kf5 67. Nf2 Ke5 68. h5 Kf5 69. Ne4 Kg4 70. h6 Kf5 71. h7 1-0


[Site "https://www.chess.com"]

[Event "Titled Tuesday Blitz February 15 Late 2022"]
[White "Howell, David W L"]
[Black "Prohorov, Olexandr"]
[WhiteFideId "410608"]
[BlackFideId "14105578"]
[WhiteElo "2559"]
[BlackElo "1993"]
[Result "1-0"]
[Round "11"]
[TimeControl "180+1"]
[Date "2022.02.16"]
[WhiteClock "0:00:08"]
[BlackClock "0:00:12"]

1. e4 c5 2. Nc3 e6 3. Nge2 Nc6 4. g3 Nf6 5. Bg2 d6 6. O-O Be7 7. d4 cxd4 8. Nxd4 O-O 9. a4 Qc7 10. Ndb5 Qb8 11. Be3 a6 12. Nd4 Bd7 13. h3 Nxd4 14. Qxd4 Bc6 15. a5 Nd7 16. Rfd1 Rd8 17. Ne2 e5 18. Qd2 Nc5 19. Nc3 Ne6 20. h4 Bf6 21. Nd5 Bxd5 22. Qxd5 Qc8 23. c3 Qc6 24. Rd2 Be7 25. Bb6 Rdc8 26. Bh3 Qxd5 27. exd5 Nc5 28. Bxc8 Rxc8 29. Bxc5 Rxc5 30. Ra3 Bd8 31. b4 Rc4 32. Kf1 f5 33. Ke2 Kf7 34. Kd3 Rc8 35. f3 h6 36. Re2 Bf6 37. c4 g5 38. hxg5 hxg5 39. Raa2 Kg6 40. g4 e4+ 41. fxe4 f4 42. Rh2 Be5 43. Rh3 Rf8 44. Rah2 Bg7 45. c5 Rc8 46. Kc4 Bf8 47. Rh8 dxc5 48. b5 axb5+ 49. Kxb5 c4 50. Rc2 f3 51. Rxc4 Re8 52. Rh1 f2 53. Rf1 Bg7 54. Rxf2 Be5 55. Rf5 Ra8 56. Kb6 Ra6+ 57. Kb5 Rd6 58. Ra4 Rd7 59. a6 Re7 60. axb7 Bb8 61. Kc6 Rc7+ 62. Kb6 Kg7 63. Rb4 Kg6 64. Rb5 Kg7 65. Rc5 Kg6 66. Rxc7 Bxc7+ 67. Kxc7 Kg7 68. b8=Q Kg6 69. Qg8+ 1-0


[Site "https://www.chess.com"]

[Event "Titled Tuesday Blitz February 15 Late 2022"]
[White "Iljin, Timofey"]
[Black "Kim, Sergey"]
[WhiteFideId "14110180"]
[BlackFideId "13700570"]
[WhiteElo "2396"]
[BlackElo "2617"]
[Result "0-1"]
[Round "11"]
[TimeControl "180+1"]
[Date "2022.02.15"]
[WhiteClock "0:00:01"]
[BlackClock "0:00:14"]

1. d4 Nf6 2. c4 g6 3. Nc3 Bg7 4. e4 d6 5. f4 O-O 6. Nf3 c5 7. d5 b5 8. cxb5 a6 9. a4 Qa5 10. Bd2 Qb4 11. Bd3 c4 12. Bc2 Qc5 13. Qe2 Nbd7 14. e5 dxe5 15. fxe5 Ng4 16. e6 Nde5 17. Nxe5 Nxe5 18. Be3 Qb4 19. O-O Qxb2 20. Ne4 Nd3 21. Rab1 Qe5 22. exf7+ Rxf7 23. Rxf7 Kxf7 24. Ng5+ Kg8 25. Qf3 Bf5 26. d6 Rf8 27. dxe7 Qxe7 28. Qd5+ Kh8 29. Bd4 Qxg5 30. Bxg7+ Kxg7 31. Qd4+ Qf6 32. Qxf6+ Kxf6 33. bxa6 Ra8 34. Rb6+ Ke5 35. Rc6 Kd4 36. g4 Bxg4 37. h3 Bf5 38. Rc7 Rxa6 39. Rxh7 Kc3 40. Bd1 Rd6 41. Bf3 Ne5 42. a5 Nxf3+ 43. Kf2 Nd4 44. Rb7 Ra6 45. Ke3 Rxa5 46. Rc7 Nc2+ 47. Kf4 Rd5 48. h4 Rd4+ 49. Kg5 Ne3 50. h5 Rg4+ 51. Kh6 gxh5 52. Kxh5 Rg2 53. Kh4 Bd3 54. Kh3 Kd2 55. Re7 Rg8 56. Kh4 c3 57. Rc7 c2 58. Kh5 c1=Q 59. Rxc1 Kxc1 60. Kh6 Rg4 61. Kh5 Kd2 62. Kh6 Kc3 63. Kh5 Kd4 64. Kh6 Ke5 65. Kh5 Kf6 66. Kh6 Rh4# 0-1


[Site "https://www.chess.com"]

[Event "Titled Tuesday Blitz February 15 Late 2022"]
[White "Jaferian, Koosha"]
[Black "Miszler, Levente"]
[WhiteFideId "12507440"]
[BlackFideId "763276"]
[WhiteElo "2027"]
[BlackElo "1966"]
[Result "1-0"]
[Round "11"]
[TimeControl "180+1"]
[Date "2022.02.16"]
[WhiteClock "0:01:07"]
[BlackClock "0:00:02"]

1. Nf3 d5 2. b3 Nf6 3. Bb2 g6 4. g3 Bg7 5. c4 O-O 6. Bg2 c6 7. O-O Re8 8. d4 Ne4 9. e3 Bf5 10. Nbd2 Qd7 11. Nxe4 Bxe4 12. Nd2 Bxg2 13. Kxg2 Na6 14. Qe2 Nc7 15. Rfd1 e5 16. dxe5 Bxe5 17. Bxe5 Rxe5 18. Nf3 Rh5 19. h4 Rf5 20. e4 Re8 21. Qc2 Rf6 22. cxd5 cxd5 23. e5 Rc6 24. Qd2 Qf5 25. Nd4 Qe4+ 26. f3 Qxe5 27. Nxc6 bxc6 28. Re1 Qf6 29. Rxe8+ Nxe8 30. Re1 Nd6 31. Qe3 h5 32. Qe5 Qd8 33. Qe7 Qa5 34. Re2 Qc5 35. Qe3 d4 36. Qe5 Qb4 37. Qf4 Nb5 38. Re8+ Kg7 39. Qe5+ f6 40. Re7+ Kg8 41. Qxf6 Qd2+ 42. Kh3 Qd1 43. Qg7# 1-0


[Site "https://www.chess.com"]

[Event "Titled Tuesday Blitz February 15 Late 2022"]
[White "Jarocka, Liwia"]
[Black "Qashashvili, Alexandre"]
[WhiteFideId "21807558"]
[BlackFideId "13600842"]
[WhiteElo "1896"]
[BlackElo "2316"]
[Result "1-0"]
[Round "11"]
[TimeControl "180+1"]
[Date "2022.02.16"]
[WhiteClock "0:01:18"]
[BlackClock "0:00:01"]

1. b3 c6 2. Bb2 d5 3. g3 Nf6 4. Bg2 Bf5 5. c4 Qc8 6. Nc3 dxc4 7. bxc4 g6 8. e4 Bg4 9. Nge2 Bh3 10. O-O h5 11. e5 h4 12. exf6 hxg3 13. fxg3 Bxg2 14. Kxg2 Qh3+ 15. Kf2 Qxh2+ 16. Ke1 exf6 17. Qb3 b6 18. Ne4 Nd7 19. Nxf6+ Nxf6 20. Bxf6 Rh5 21. Qe3+ Kd7 22. Qf2 Qxf2+ 23. Rxf2 Bd6 24. d4 Re8 25. Kd2 Bb4+ 26. Kc2 Re3 27. g4 Rhh3 28. Be5 f5 29. Rb1 Bd6 30. gxf5 gxf5 31. Bxd6 Kxd6 32. Rb3 Rxb3 33. axb3 Re3 34. Nc3 Ke6 35. d5+ cxd5 36. Nxd5 Rh3 37. Nc7+ Ke5 38. Nb5 a6 39. Nc3 Kd4 40. Ne2+ Ke3 41. Rg2 f4 42. Nxf4 Kxf4 43. Rg6 b5 44. c5 Ke4 45. Rxa6 Kd5 46. c6 Rh7 47. Kc3 1-0


[Site "https://www.chess.com"]

[Event "Titled Tuesday Blitz February 15 Late 2022"]
[White "Josse, Mark"]
[Black "Kopczynski, Michal"]
[WhiteFideId "414476"]
[BlackFideId "1124200"]
[WhiteElo "2303"]
[BlackElo "2235"]
[Result "0-1"]
[Round "11"]
[TimeControl "180+1"]
[Date "2022.02.16"]
[WhiteClock "0:00:52"]
[BlackClock "0:01:14"]

1. e4 b6 2. d4 Bb7 3. Nd2 e6 4. Ngf3 Nf6 5. Bd3 d5 6. e5 Nfd7 7. Qe2 c5 8. c3 Nc6 9. a3 Qc7 10. O-O O-O-O 11. b3 h6 12. h4 Re8 13. h5 f5 14. Bb2 g6 15. hxg6 Rg8 16. Rfc1 Rxg6 17. c4 dxc4 18. Nxc4 Kb8 19. b4 cxb4 20. d5 exd5 21. Bxf5 Rxg2+ 22. Kxg2 dxc4 23. Qxc4 bxa3 24. Bxd7 Qxd7 25. Bxa3 Bxa3 26. Rxa3 Nxe5 27. Qf4 Ka8 28. Kf1 Qh3+ 29. Ke2 Ng6+ 30. Qe3 Qxf3+ 31. Kd2 Rxe3 32. Rxe3 Qxf2+ 33. Kd3 Nf4+ 34. Kd4 Ne2+ 35. Kd3 Qxe3+ 36. Kxe3 Nxc1 0-1


[Site "https://www.chess.com"]

[Event "Titled Tuesday Blitz February 15 Late 2022"]
[White "KND2020"]
[Black "Medeiros Jr, Francisco De Assis"]
[BlackFideId "2114267"]
[WhiteElo "2474"]
[BlackElo "1998"]
[Result "1-0"]
[Round "11"]
[TimeControl "180+1"]
[Date "2022.02.16"]
[WhiteClock "0:00:45"]
[BlackClock "0:00:13"]

1. e4 c6 2. d4 d5 3. e5 g6 4. f4 h5 5. Nf3 Bg4 6. h3 Bxf3 7. Qxf3 h4 8. f5 gxf5 9. Qxf5 e6 10. Qf3 Qb6 11. c3 c5 12. Bd3 cxd4 13. Rf1 Qc7 14. Bf4 Nc6 15. Qe2 O-O-O 16. cxd4 Nxd4 17. Qd2 Nc6 18. Nc3 Bb4 19. a3 Bxc3 20. Qxc3 Qb6 21. Rc1 Kb8 22. b4 Nge7 23. b5 d4 24. Qc5 Qxc5 25. Rxc5 Na5 26. Bg5 Rd7 27. Rxf7 Re8 28. Bxh4 b6 29. Rc2 Nb3 30. Rg7 Nc5 31. Kd2 Nd5 32. Rxd7 Nxd7 33. g4 Nxe5 34. Bg3 1-0


[Site "https://www.chess.com"]

[Event "Titled Tuesday Blitz February 15 Late 2022"]
[White "Kalajzic, Ivan"]
[Black "Horak, Martin"]
[WhiteFideId "14506378"]
[BlackFideId "367095"]
[WhiteElo "2163"]
[BlackElo "1997"]
[Result "0-1"]
[Round "11"]
[TimeControl "180+1"]
[Date "2022.02.16"]
[WhiteClock "0:00:29"]
[BlackClock "0:00:08"]

1. d4 Nf6 2. Nc3 d5 3. Bg5 c5 4. e4 Nxe4 5. Nxe4 dxe4 6. dxc5 Qa5+ 7. Qd2 Qxc5 8. O-O-O Nc6 9. Ne2 Be6 10. Be3 Qb4 11. Qxb4 Nxb4 12. a3 Nc6 13. Nc3 f5 14. Bb5 Kf7 15. Rhf1 Ne5 16. Bd4 a6 17. Bxe5 axb5 18. f3 exf3 19. Rxf3 b4 20. axb4 Rg8 21. g4 g6 22. b3 Bg7 23. Bxg7 Kxg7 24. gxf5 Bxf5 25. Kb2 e5 26. Re3 Rge8 27. Rd5 Kf6 28. Ne4+ Bxe4 29. Rxe4 Kf5 30. Rc4 Rad8 31. Rb5 Rd7 32. h4 Red8 33. Rcc5 Re7 34. c4 Kf4 35. Rd5 Rxd5 36. Rxd5 e4 37. Rd1 e3 38. Kc3 e2 39. Re1 Ke3 40. c5 Kf2 41. Rxe2+ Kxe2 42. b5 Ke3 43. b4 Ke4 44. Kc4 Ke5 45. c6 b6 46. Kd3 Kd5 47. Kc3 Re4 48. Kd3 Rxb4 0-1


[Site "https://www.chess.com"]

[Event "Titled Tuesday Blitz February 15 Late 2022"]
[White "Karttunen, Mika"]
[Black "Moral Garcia, Serafin"]
[WhiteFideId "502081"]
[BlackFideId "2201925"]
[WhiteElo "2343"]
[BlackElo "2228"]
[Result "1-0"]
[Round "11"]
[TimeControl "180+1"]
[Date "2022.02.16"]
[WhiteClock "0:00:09"]
[BlackClock "0:00:29"]

1. e4 e5 2. Nf3 Nc6 3. Bc4 Bc5 4. b4 Bb6 5. b5 Nd4 6. c3 Nxf3+ 7. Qxf3 Nf6 8. d4 d6 9. Bg5 exd4 10. O-O h6 11. Bh4 g5 12. Bg3 O-O 13. h3 Be6 14. Bd3 Nd7 15. e5 dxe5 16. Re1 dxc3 17. Nxc3 Bd4 18. Rac1 f5 19. Qxb7 Nc5 20. Qc6 Qd6 21. Bb1 f4 22. Bh2 Qxc6 23. bxc6 Rab8 24. Re2 Bxc3 25. Rec2 1-0


[Site "https://www.chess.com"]

[Event "Titled Tuesday Blitz February 15 Late 2022"]
[White "Kavyev, Ruslan"]
[Black "Mladenovic, Stefan"]
[WhiteFideId "34110981"]
[BlackFideId "942227"]
[WhiteElo "2182"]
[BlackElo "2355"]
[Result "1-0"]
[Round "11"]
[TimeControl "180+1"]
[Date "2022.02.15"]
[WhiteClock "0:00:51"]
[BlackClock "0:00:02"]

1. d4 Nf6 2. c4 e6 3. g3 d5 4. Nf3 Be7 5. Bg2 O-O 6. Qc2 dxc4 7. Qxc4 Nbd7 8. Bf4 c5 9. O-O Nb6 10. Qd3 cxd4 11. Qxd4 Nbd5 12. Nc3 Nxf4 13. gxf4 Qxd4 14. Nxd4 Rb8 15. Rfd1 Bd7 16. Ndb5 a6 17. Nd6 b5 18. Rac1 b4 19. Nce4 Nd5 20. Nc5 Bc6 21. Nxe6 fxe6 22. Rxc6 Nxf4 23. Bf3 Rbd8 24. e3 Nh3+ 25. Kg2 Ng5 26. Bg4 Bxd6 27. Rdxd6 Rxd6 28. Rxd6 Rxf2+ 29. Kxf2 Ne4+ 30. Ke2 Nxd6 31. Bxe6+ Kf8 32. Kd3 Ke7 33. Bg8 h6 34. Kd4 Nf5+ 35. Kc5 g5 36. e4 Nd6 37. e5 Ne4+ 38. Kxb4 g4 39. Bd5 Nf2 40. Ka5 Nd3 41. Kxa6 Nxb2 42. Kb5 Nd3 43. e6 Ne5 44. a4 Kd6 45. a5 Ng6 46. a6 Ne7 47. a7 Nxd5 48. Ka6 Kxe6 49. Kb7 Kd6 50. a8=Q h5 51. Qh8 1-0


[Site "https://www.chess.com"]

[Event "Titled Tuesday Blitz February 15 Late 2022"]
[White "Koepke, Christian"]
[Black "Bolanos, Fernando"]
[WhiteFideId "4655737"]
[BlackFideId "3304094"]
[WhiteElo "2180"]
[BlackElo "2019"]
[Result "0-1"]
[Round "11"]
[TimeControl "180+1"]
[Date "2022.02.16"]
[WhiteClock "0:00:02"]
[BlackClock "0:00:11"]

1. e4 c5 2. f4 Nc6 3. Nf3 Qc7 4. g3 e6 5. Bg2 Nf6 6. d3 Be7 7. O-O O-O 8. Nc3 a6 9. h3 b5 10. g4 Bb7 11. g5 Ne8 12. f5 Kh8 13. Bf4 Qxf4 14. Qe1 Rb8 15. e5 exf5 16. Nd5 Qa4 17. b3 Qa3 18. Qh4 g6 19. Nf6 Bxf6 20. gxf6 Ng7 21. fxg7+ Kxg7 22. Qf6+ Kg8 23. Ng5 c4 24. dxc4 Qc5+ 25. Kh1 Qxe5 26. Qxe5 Nxe5 27. Bxb7 Rxb7 28. c5 b4 29. a3 a5 30. axb4 axb4 31. Rfd1 Rc8 32. Rd5 f6 33. h4 fxg5 34. Rxe5 gxh4 35. Rd1 Rbc7 36. Rdd5 Kf7 37. Kh2 Re8 38. Kh3 Rxe5 39. Rxe5 Kf6 40. Rd5 g5 41. Rd4 Rxc5 42. Rxb4 Rc3+ 43. Kg2 Rxc2+ 44. Kf3 Rc3+ 45. Ke2 h3 46. Rb6+ Ke5 0-1


[Site "https://www.chess.com"]

[Event "Titled Tuesday Blitz February 15 Late 2022"]
[White "Kosteniuk, Alexandra"]
[Black "Rosen, Eric"]
[WhiteFideId "4128125"]
[BlackFideId "2032562"]
[WhiteElo "2469"]
[BlackElo "2362"]
[Result "1-0"]
[Round "11"]
[TimeControl "180+1"]
[Date "2022.02.15"]
[WhiteClock "0:00:18"]
[BlackClock "0:00:07"]

1. e4 c5 2. c3 d5 3. exd5 Qxd5 4. d4 Nf6 5. Nf3 e6 6. Be2 Nc6 7. O-O Be7 8. c4 Qd8 9. dxc5 Qxd1 10. Rxd1 Bxc5 11. Nc3 b6 12. a3 Bb7 13. b4 Be7 14. Nb5 O-O 15. Nd6 Bxd6 16. Rxd6 Rfd8 17. Rxd8+ Rxd8 18. Bb2 a5 19. b5 Nb8 20. Ne5 Ne4 21. f3 Nc5 22. Rd1 Rxd1+ 23. Bxd1 f6 24. Ng4 e5 25. Bc2 Bc8 26. Ne3 Be6 27. Kf2 Nbd7 28. g3 Kf7 29. f4 exf4 30. gxf4 g6 31. Bd4 Ke7 32. h4 f5 33. Ke2 Nf6 34. Bxc5+ bxc5 35. Bd3 Ne8 36. Kd2 Nd6 37. Kc3 Kd7 38. Nd1 h6 39. Nf2 Kc7 40. Nh1 Ne8 41. Ng3 Nf6 42. Be2 Bc8 43. Kd3 Kd6 44. Ke3 Bb7 45. Bd3 Ba8 46. h5 Nxh5 47. Nxh5 gxh5 48. Bxf5 h4 49. Bg4 Ke7 50. Bc8 Bg2 51. b6 Kd8 52. b7 Kc7 53. f5 Bc6 54. f6 Be8 55. Kf4 h3 56. Bxh3 Bf7 57. Ke5 Kxb7 58. Be6 Bg6 59. f7 Bxf7 60. Bxf7 Kc6 61. Ke6 Kc7 62. Be8 Kb6 63. Kd6 a4 64. Kd5 Ka5 65. Bh5 Kb6 66. Kd6 Ka5 67. Kxc5 Ka6 68. Kb4 Kb6 69. Kxa4 Ka6 70. Kb3 Ka5 71. Kc3 Kb6 72. Kd4 Kc6 73. c5 1-0


[Site "https://www.chess.com"]

[Event "Titled Tuesday Blitz February 15 Late 2022"]
[White "Kozin, Yuri"]
[Black "Kostiukov, Alexandr"]
[WhiteFideId "4129920"]
[BlackFideId "14108100"]
[WhiteElo "2505"]
[BlackElo "2202"]
[Result "1-0"]
[Round "11"]
[TimeControl "180+1"]
[Date "2022.02.16"]
[WhiteClock "0:00:55"]
[BlackClock "0:00:15"]

1. e4 c5 2. Nf3 g6 3. d4 cxd4 4. Nxd4 Bg7 5. Nc3 Nc6 6. Be3 Nf6 7. Bc4 Qa5 8. O-O Qb4 9. Bb3 Nxe4 10. Nxe4 Nxd4 11. c3 Ne2+ 12. Qxe2 Qxe4 13. Rad1 O-O 14. Bd5 Qf5 15. Bf3 d6 16. Rd5 Qd7 17. Rb5 Qc7 18. Qc2 Bf5 19. Qb3 b6 20. Bxa8 Rxa8 21. a4 Rc8 22. a5 Bd3 23. axb6 axb6 24. Rxb6 Bxf1 25. Kxf1 Bf6 26. Bh6 Bg7 27. Rb7 Qd8 28. Bg5 Bf6 29. Bxf6 1-0


[Site "https://www.chess.com"]

[Event "Titled Tuesday Blitz February 15 Late 2022"]
[White "Kujawski, Adam"]
[Black "Stankovic, Ivan G"]
[WhiteFideId "1100920"]
[BlackFideId "902837"]
[WhiteElo "2053"]
[BlackElo "2195"]
[Result "0-1"]
[Round "11"]
[TimeControl "180+1"]
[Date "2022.02.16"]
[WhiteClock "0:00:01"]
[BlackClock "0:00:51"]

1. e4 c5 2. Nf3 Nc6 3. Nc3 g6 4. Bb5 Bg7 5. O-O Nd4 6. Nxd4 cxd4 7. Ne2 a6 8. Ba4 b5 9. Bb3 Bb7 10. d3 d6 11. c3 dxc3 12. Nxc3 Nf6 13. Be3 O-O 14. f3 Rc8 15. a4 b4 16. Ne2 a5 17. Qd2 d5 18. Rfd1 Ba6 19. Rac1 Rxc1 20. Qxc1 dxe4 21. dxe4 Qa8 22. Nd4 Rc8 23. Qb1 Nd7 24. Ne6 Nc5 25. Nxc5 Qa7 26. Nxa6 Qxe3+ 27. Kh1 Qxb3 28. h3 Qc4 29. Qd3 Bxb2 30. Qxc4 Rxc4 31. Rd8+ Kg7 32. Nb8 Be5 0-1


[Site "https://www.chess.com"]

[Event "Titled Tuesday Blitz February 15 Late 2022"]
[White "Kushko, Dmitriy"]
[Black "Remizov, Yaroslav"]
[WhiteFideId "14162261"]
[BlackFideId "34134015"]
[WhiteElo "2225"]
[BlackElo "2360"]
[Result "0-1"]
[Round "11"]
[TimeControl "180+1"]
[Date "2022.02.15"]
[WhiteClock "0:00:03"]
[BlackClock "0:00:17"]

1. Nf3 e6 2. g3 a6 3. Bg2 c5 4. O-O d6 5. c4 Nf6 6. d4 cxd4 7. Nxd4 Be7 8. Nc3 O-O 9. e4 Nc6 10. Be3 Bd7 11. Qe2 Rc8 12. Rac1 Qc7 13. h3 Qb8 14. g4 Ne8 15. f4 b5 16. cxb5 Nxd4 17. Bxd4 axb5 18. a3 b4 19. axb4 Qxb4 20. Rcd1 Nc7 21. Qf2 Nb5 22. Nxb5 Bxb5 23. Rfe1 Ba4 24. Rd2 Bh4 25. Qxh4 Qxd2 26. Bc3 Rxc3 27. bxc3 Qxc3 28. e5 dxe5 29. fxe5 h6 30. Rf1 Qxe5 31. Qf2 Qc7 32. Qd4 Bb5 33. Rb1 Rb8 34. Qb4 e5 35. Bd5 Qb6+ 36. Kh2 Qf2+ 37. Bg2 Qb6 38. Qb2 Qd6 39. Bf1 e4+ 40. Kh1 Qg3 41. Bxb5 Qxh3+ 42. Qh2 Qf3+ 43. Qg2 Qf6 44. Bd3 Qh4+ 45. Kg1 Rxb1+ 46. Bxb1 Qe1+ 47. Qf1 Qg3+ 48. Qg2 Qe3+ 49. Qf2 Qc1+ 50. Qf1 Qd2 51. Bxe4 Qe3+ 52. Qf2 Qxe4 53. Qg3 g5 54. Kh2 Kg7 55. Kg1 Qd4+ 56. Kf1 Kg6 57. Qf3 Qf4 0-1


[Site "https://www.chess.com"]

[Event "Titled Tuesday Blitz February 15 Late 2022"]
[White "Ladan, Nicholas"]
[Black "Adewumi, Tanitoluwa"]
[WhiteFideId "30918855"]
[BlackFideId "30966396"]
[WhiteElo "2363"]
[BlackElo "2525"]
[Result "0-1"]
[Round "11"]
[TimeControl "180+1"]
[Date "2022.02.16"]
[WhiteClock "0:00:08"]
[BlackClock "0:00:33"]

1. d4 g6 2. Bf4 Bg7 3. Nc3 d6 4. e4 c6 5. Qd2 Nf6 6. f3 b5 7. h4 Nh5 8. Bh2 Nf6 9. g4 h5 10. g5 Nfd7 11. Nge2 b4 12. Nd1 a5 13. Ne3 Ba6 14. f4 c5 15. c3 a4 16. a3 Nc6 17. Rd1 bxa3 18. bxa3 Rb8 19. e5 Rb3 20. Bg2 cxd4 21. cxd4 Rd3 22. Qxd3 Bxd3 23. Rxd3 Na5 24. Kf2 O-O 25. Rb1 Nb6 26. Rb4 f6 27. Kg1 dxe5 28. fxe5 fxe5 29. Be4 Nb3 30. dxe5 Qc7 31. e6 Be5 32. Rc3 Bxh2+ 33. Kg2 Qe5 34. Rxb6 Qxe4+ 35. Kxh2 Qxh4+ 36. Kg1 Qe1+ 37. Kg2 Qxe2+ 38. Kg3 Rf3+ 39. Kh4 Qe1# 0-1


[Site "https://www.chess.com"]

[Event "Titled Tuesday Blitz February 15 Late 2022"]
[White "Li, Hui"]
[Black "Bugayev, Vladimir"]
[WhiteFideId "15400310"]
[BlackFideId "30901480"]
[WhiteElo "1954"]
[BlackElo "2400"]
[Result "1-0"]
[Round "11"]
[TimeControl "180+1"]
[Date "2022.02.16"]
[WhiteClock "0:00:08"]
[BlackClock "0:00:07"]

1. e4 c6 2. d4 d5 3. Nd2 dxe4 4. Nxe4 Nf6 5. Nxf6+ exf6 6. Bc4 Na6 7. Ne2 Nc7 8. O-O Be6 9. Bxe6 Nxe6 10. c4 Bd6 11. d5 cxd5 12. Qxd5 O-O 13. Qxb7 Nc5 14. Qf3 Rb8 15. b3 Be5 16. Rb1 Qa5 17. Be3 Ne6 18. Nf4 Qxa2 19. Nxe6 fxe6 20. Qc6 Rfe8 21. Qa4 Qxa4 22. bxa4 a6 23. g3 Rec8 24. c5 Kf7 25. Rb6 Rxb6 26. cxb6 Ke7 27. Rb1 Bb8 28. b7 Rc4 29. a5 Ra4 30. Bb6 e5 31. Rc1 Kd7 32. Rc8 Bd6 33. b8=Q Bxb8 34. Rxb8 f5 35. Rb7+ Ke6 36. Rxg7 f4 37. gxf4 exf4 38. Kg2 Ra3 39. Rxh7 f3+ 40. Kg3 Kd5 41. Rh4 Ke5 42. Rf4 Ra1 43. Rxf3 Rg1+ 44. Kh3 Rg8 45. Rg3 Rh8+ 46. Kg2 Ke4 47. Rg4+ Kf5 48. Rg3 Ke4 49. h3 Rc8 50. Re3+ Kf4 51. Rf3+ Ke4 52. Rf6 Rg8+ 53. Kh2 Rc8 54. Be3 Ke5 55. Rxa6 Rc4 56. Rg6 Ra4 57. Rg5+ Kf6 58. Rh5 Kg6 59. Rb5 Kf7 60. Rc5 Ke7 61. Kg2 Kd6 62. h4 Ra3 63. Rb5 Kc7 64. h5 Ra4 65. Rg5 Kb7 66. Rg7+ Ka6 67. Rg6+ Kb7 68. h6 Rh4 69. Rg7+ Ka6 70. h7 Kxa5 71. Rf7 Kb5 72. Bd4 Rg4+ 73. Kf3 Rxd4 74. h8=Q Rd5 75. Qf6 Kc4 76. Kg2 Kc5 77. Qf5 Rxf5 78. Rxf5+ Kd6 79. Rf3 Ke6 80. Re3+ Kf5 81. Kf3 Kf6 82. Kf4 Kg6 83. Ke5 Kg5 84. f4+ Kg6 85. f5+ Kf7 86. f6 Kf8 87. Ra3 Kf7 88. Ra7+ Kf8 89. Ke6 Kg8 90. f7+ Kh7 91. f8=Q+ Kg6 92. Qg8+ Kh6 93. Rh7# 1-0


[Site "https://www.chess.com"]